 Dungeon Crawl Stone Soup version 0.24.1-8-ga250c9d538 (webtiles) character file.

Game seed: 140888617695999040, levelgen mode: deterministic

6442 Curus the Spear-Bearer (level 10, 0/73 HPs)
             Began as a Demonspawn Gladiator on Apr 29, 2020.
             Was a Priest of Okawaru.
             Slain by a two-headed ogre
             ... wielding a +0 dire flail
              (14 damage)
             ... on level 10 of the Dungeon.
             The game lasted 00:53:24 (9575 turns).

Curus the Spear-Bearer (Demonspawn Gladiator)       Turns: 9575, Time: 00:53:25

Health: 0/73       AC:  9    Str: 14    XL:     10   Next: 67%
Magic:  0/11       EV: 14    Int: 10    God:    Okawaru [***...]
Gold:   857        SH:  0    Dex: 20    Spells: 9/9 levels left

rFire    . . .     SeeInvis .   a - +0 trident (freeze)
rCold    . . .     Gourm    .   (no shield)
rNeg     . . .     Faith    .   b - +0 leather armour
rPois    .         Spirit   +   c - +1 helmet
rElec    .         Reflect  .   (no cloak)
rCorr    .         Harm     .   n - +1 pair of gloves
MR       .....                  (boots unavailable)
Stlth    ++........             (no amulet)
HPRegen  0.22/turn              e - +2 ring of protection
MPRegen  0.12/turn              u - ring of flight

@: drained
A: talons 3, agile 1, sense surroundings 1, wild magic 1, magic shield
a: Heroism, Renounce Religion, Evoke Flight


You were on level 10 of the Dungeon.
You worshipped Okawaru.
Okawaru was most pleased with you.
You were not hungry.

You visited 3 branches of the dungeon, and saw 12 of its levels.
You also visited: Ossuary.

You collected 857 gold pieces.

Inventory:

Hand Weapons
 a - a +0 trident of freezing (weapon)
Missiles
 d - 4 throwing nets (quivered)
Armour
 b - a +0 leather armour (worn)
 c - a +1 helmet (worn)
 n - a +1 pair of gloves (worn)
Jewellery
 e - a +2 ring of protection (left hand)
 h - a +3 ring of strength
 i - an uncursed ring of protection from magic
 j - an uncursed ring of protection from magic
 u - a ring of flight (right hand)
 w - a +1 ring of protection
Wands
 p - a wand of acid (9)
 t - a wand of enslavement (8)
Scrolls
 g - 5 scrolls of identify
 l - a scroll of fear
 m - 4 scrolls of teleportation
 q - 3 scrolls of remove curse
 s - a scroll of blinking
Potions
 k - a potion of invisibility
 o - 2 potions of brilliance
 r - 5 potions of curing
Comestibles
 f - 21 rations


   Skills:
 - Level 4.6(4.0) Fighting
 - Level 13.4(12.6) Polearms
 - Level 1.7(1.2) Throwing
 - Level 4.7(4.1) Dodging
 + Level 2.3(1.7) Invocations
 + Level 1.6(1.1) Evocations


You had 9 spell levels left.
You didn't know any spells.
Your spell library contained the following spells:

 Spells                   Type           Power        Failure   Level  Hunger
 Corona                   Hex            #......      52%         1    ##.....
 Magic Dart               Conj           #...         52%         1    ##.....
 Sandblast                Erth           #.....       52%         1    ##.....
 Blink                    Tloc           N/A          67%         2    ###....
 Call Imp                 Summ           #.......     67%         2    ###....
 Passwall                 Tmut/Erth      #.......     67%         2    ###....
 Slow                     Hex            #.......     67%         2    ###....
 Conjure Flame            Conj/Fire      #.......     87%         3    ####...
 Inner Flame              Hex/Fire       #.......     87%         3    ####...
 Mephitic Cloud           Conj/Pois/Air  #.......     87%         3    ####...
 Portal Projectile        Hex/Tloc       #.....       87%         3    ####...
 Stone Arrow              Conj/Erth      #.....       87%         3    ####...
 Cause Fear               Hex            #.........   99%         4    #####..
 Leda's Liquefaction      Hex/Erth       #.........   99%         4    #####..
 Petrify                  Tmut/Erth      #.......     99%         4    #####..
 Lee's Rapid Deconstruct  Erth           #.........   100%        5    ######.


Dungeon Overview and Level Annotations

Branches:
Dungeon (10/15)            Temple (1/1) D:5            Lair (1/6) D:9
    Orc (0/2) D:9         Ossuary (visited)

Altars:
Ashenzari
Cheibriados
Dithmenos
Gozag
Hepliaklqana
Nemelex Xobeh
Okawaru
Qazlal
Sif Muna
Trog
Uskayaw
Yredelemnul
Zin
Beogh

Shops:
D:8 :


Innate Abilities, Weirdness & Mutations

You have claws for feet.
When hurt, damage is shared between your health and your magic reserves.
You are agile. (Dex +2)
You passively map a small area around you.
Your spells are a little harder to cast, but a little more powerful.


Message History

You claw the two-headed ogre.
The two-headed ogre is moderately wounded.
The two-headed ogre closely misses you.
The two-headed ogre hits you with a +0 giant club!
You puncture the two-headed ogre! You freeze the two-headed ogre.
The two-headed ogre is heavily wounded.
You hit the two-headed ogre but do no damage.
Your kick misses the two-headed ogre.
The two-headed ogre is heavily wounded.
The two-headed ogre hits you with a +0 dire flail!
The two-headed ogre hits you with a +0 giant club!!
Throwing (i - inventory)
d - 5 throwing nets (quivered)
Press: ? - help, Shift-Dir - straight line, f - two-headed ogre
Aim: a two-headed ogre, wielding a +0 dire flail and a +0 giant club (heavily wounded)
You throw a throwing net.
The throwing net barely misses the two-headed ogre.
The two-headed ogre hits you with a +0 dire flail!
* * * LOW HITPOINT WARNING * * *
The two-headed ogre hits you with a +0 giant club!
You die...

#######.#...##..#.#.#... ,......#
..).........##.......... .......
................#.#.#.#########..
................................#
.......#.........# #.......#.....
(........##.############.######.#
##..#.#..##>.....................
#.......##†#########.P.P.####..#
##.#.#.###.#...@O(#<÷._.....#...
#.....# #.#...##.##.P.P..###...
####.## #.###.# ##......# #...
#.# #.# #.#*, ..###..# #... #.#
#.# #.# .... ..# * #.# #.# #####
### ,, #.###.# , < , ,* #.....# *
* #######,* *


You could see a two-headed ogre.

Vanquished Creatures
  A two-headed ogre (D:9)
  A spiny frog (D:9)
  A hippogriff (D:9)
  Sigmund (D:6)
  4 yaks
  2 basilisks (D:9)
  Menkaure (D:6)
  Edmund (D:6)
  A water moccasin (D:8)
  A porcupine (Lair:1)
  2 orc warriors (D:8)
  4 ice beasts
  A sky beast (D:5)
  5 ogres
  2 phantoms
  4 centaurs
  An elf zombie (D:7)
  3 bullfrogs
  An elf skeleton (D:7)
  2 scorpions
  6 killer bees
  7 wights (D:9)
  A howler monkey (D:9)
  3 crimson imps
  A centaur zombie (Ossuary)
  2 orc priests (D:9)
  6 hounds
  2 jellies
  A centaur skeleton (D:4)
  6 orc wizards
  3 human zombies
  Jessica (D:2)
  A human skeleton (D:7)
  9 worker ants
  A killer bee zombie (D:6)
  A hound skeleton (D:7)
  2 mummies (Ossuary)
  8 adders
  3 gnolls (D:6)
  An ooze (D:6)
  An adder skeleton (D:4)
  3 worms
  2 dart slugs
  5 leopard geckos
  32 orcs
  7 ball pythons (D:3)
  9 bats
  7 giant cockroaches
  2 gnoll zombies (Ossuary)
  8 goblins
  9 hobgoblins
  12 jackals
  4 kobolds
  6 quokkas
  4 frilled lizards
  A goblin zombie (Ossuary)
  5 hobgoblin zombies (Ossuary)
  A jackal skeleton (D:5)
  A leopard gecko skeleton (D:4)
  2 orc skeletons (D:7)
  3 orc zombies (Ossuary)
  A quokka zombie (D:6)
  7 rats
236 creatures vanquished.

Vanquished Creatures (others)
  A bush (D:10)
1 creature vanquished.

Grand Total: 237 creatures vanquished

Notes
Turn   | Place    | Note
-------+----------+-------------------------------------------
     0 | D:1      | Curus the Demonspawn Gladiator began the quest for the Orb.
     0 | D:1      | Reached XP level 1. HP: 16/16 MP: 1/1
    57 | D:1      | Reached skill level 3 in Polearms
   129 | D:1      | Gained mutation: You have sharp toenails. [demonic
                  | ancestry]
   129 | D:1      | Reached XP level 2. HP: 17/22 MP: 2/2
   491 | D:1      | Gained mutation: You have razor-sharp toenails. [demonic
                  | ancestry]
   491 | D:1      | Reached XP level 3. HP: 25/27 MP: 3/3
   662 | D:2      | Noticed Jessica
   667 | D:2      | Killed Jessica
   667 | D:2      | Reached skill level 4 in Polearms
  1236 | D:3      | Reached XP level 4. HP: 33/33 MP: 4/4
  1278 | D:3      | Reached skill level 5 in Polearms
  1371 | D:3      | Gained mutation: When hurt, damage is shared between your
                  | health and your magic reserves. [demonic ancestry]
  1371 | D:3      | Reached XP level 5. HP: 11/38 MP: 5/5
  1602 | D:3      | Gained mutation: You are agile. (Dex +2) [potion of
                  | mutation]
  1602 | D:3      | Gained mutation: Your spells are a little harder to cast,
                  | but a little more powerful. [potion of mutation]
  1602 | D:3      | Gained mutation: You passively map a small area around you.
                  | [potion of mutation]
  1764 | D:3      | Noticed a centaur
  1772 | D:3      | Killed a centaur
  1772 | D:3      | Reached skill level 6 in Polearms
  1883 | D:4      | Reached XP level 6. HP: 32/44 MP: 4/6
  2211 | D:4      | Reached skill level 7 in Polearms
  2482 | D:4      | Reached XP level 7. HP: 50/50 MP: 7/7
  2567 | D:5      | Entered Level 5 of the Dungeon
  2612 | D:5      | Reached skill level 8 in Polearms
  2839 | D:5      | Found a hide-covered altar of Uskayaw.
  3204 | D:5      | Reached skill level 9 in Polearms
  3204 | D:5      | Reached XP level 8. HP: 28/56 MP: 5/8
  4109 | D:5      | Found a staircase to the Ecumenical Temple.
  4118 | Temple   | Entered the Ecumenical Temple
  4170 | Temple   | Became a worshipper of Warmaster Okawaru
  4394 | D:6      | Reached skill level 10 in Polearms
  4431 | D:6      | Noticed Sigmund
  4443 | D:6      | Killed Sigmund
  4655 | D:6      | Found a hazy altar of Hepliaklqana.
  4698 | D:6      | Noticed Edmund
  4721 | D:6      | Killed Edmund
  4757 | D:6      | Noticed Menkaure
  4761 | D:6      | Killed Menkaure
  4761 | D:6      | Reached skill level 11 in Polearms
  4761 | D:6      | Reached XP level 9. HP: 46/61 MP: 9/9
  4768 | D:6      | Reached * piety under Okawaru
  5310 | D:7      | Found a sand-covered staircase.
  5326 | Ossuary  | Entered an ossuary
  5911 | D:7      | Reached skill level 12 in Polearms
  6411 | D:8      | Found a shadowy altar of Dithmenos.
  6533 | D:8      | Found Lumig's Book Shop.
  6684 | D:9      | Noticed a two-headed ogre
  6698 | D:9      | Reached ** piety under Okawaru
  6738 | D:9      | Killed a two-headed ogre
  6738 | D:9      | Reached skill level 13 in Polearms
  6738 | D:9      | Gained mutation: You have claws for feet. [demonic
                  | ancestry]
  6738 | D:9      | Reached XP level 10. HP: 14/67 MP: 3/10
  7101 | D:9      | Noticed an elephant
  7468 | D:9      | Found a staircase to the Lair.
  7495 | Lair:1   | Entered Level 1 of the Lair of Beasts
  7514 | Lair:1   | Noticed a spiny frog
  7526 | Lair:1   | Reached *** piety under Okawaru
  7568 | D:9      | Killed a spiny frog
  8362 | D:9      | Found a staircase to the Orcish Mines.
  8371 | D:9      | Found a roughly hewn altar of Beogh.
  8765 | D:9      | Found a sparkling altar of Nemelex Xobeh.
  8979 | D:10     | Entered Level 10 of the Dungeon
  8979 | D:10     | Found a basalt altar of Yredelemnul.
  8985 | D:10     | Reached skill level 1 in Invocations
  9308 | D:10     | Reached skill level 1 in Evocations
  9567 | D:10     | Noticed a two-headed ogre
  9575 | D:10     | Slain by a two-headed ogre

Levels and vault maps discovered:
D:1:      scummos_arrival_hexagon, layout_basic, feat_on_display
D:2:      layout_loops_ring, uniq_jessica
D:3:      layout_rooms, first_ration, minmay_shallow_snake_nest
D:4:      layout_rooms, serial_rivers, chequers_serial_rivers_marsh,
          chequers_serial_rivers_micro_a, chequers_serial_rivers_large_b,
          chequers_serial_rivers_micro_e, chequers_serial_rivers_micro_d,
          chequers_serial_rivers_small_3
D:5:      layout_basic, eat_drink_and_be_merry_uskayaw,
          minmay_temple_entry_fiery, hex_intersection
D:6:      kennysheep_big_flooded_room, layout_gridville, basic_altar,
          uniq_menkaure, uniq_edmund, uniq_sigmund
D:7:      layout_loops_ring, nicolae_ossuary_entry_catacombs
D:8:      layout_cave_pools, serial_shops, shop_fountains, grunt_ogre_cave,
          kennysheep_decorative_pillar, grunt_dithmenos_shadows
D:9:      layout_loops_ring, david_lair_generic, minmay_orc_entry_temple_small,
          basic_altar
D:10:     minmay_recursive_quarters, layout_basic, serial_glass,
          glass_columns_b, glass_columns_b, glass_columns_b, glass_columns_a,
          enter_trove_0, minmay_hedge_maze, yredelemnul_altar_generic,
          uniq_harold
Temple:   minmay_crystal_snake_temple
Lair:1:   layout_gridlike, special_room [special_room_bee], serial_bayou_shore_a

Skill      XL: |  1  2  3  4  5  6  7  8  9 10 |
---------------+-------------------------------+-----
Polearms       | 3 4 5 6 7 9 11 13 | 13.4
Dodging        | 4 |  4.7
Fighting       | 4 |  4.6
Invocations    | 2 |  2.3
Evocations     | 1 |  1.6
Throwing       | |  1.7

Action                   |  1- 3 |  4- 6 |  7- 9 | 10-12 || total
-------------------------+-------+-------+-------+-------++-------
Melee: Trident           |    90 |   181 |   583 |   265 ||  1119
       Kick              |    16 |    37 |   162 |    99 ||   314
       Punch             |       |       |       |     2 ||     2
Throw: Throwing net      |       |       |     1 |     1 ||     2
Invok: Heroism           |       |       |       |     3 ||     3
Evoke: Wand              |       |       |     1 |       ||     1
  Use: Potion            |     2 |     2 |    11 |     2 ||    17
       Scroll            |     5 |     3 |     5 |     2 ||    15
 Stab: Sleeping          |     2 |       |     5 |     4 ||    11
       Distracted        |       |     1 |     2 |       ||     3
       Invisible         |       |       |     1 |       ||     1
  Eat: Chunk             |     1 |     4 |     7 |     3 ||    15
       Ration            |       |       |     2 |     2 ||     4
Armor: Leather armour    |    20 |    62 |   118 |    54 ||   254
Dodge: Dodged            |    41 |   119 |   270 |   110 ||   540
